 Dungeon Crawl Stone Soup version 0.26-a0-487-gbff1e92059 (webtiles) character file.

Game seed: 11923556086590760557

389 Lovable the Shield-Bearer (level 6, 0/38 HPs)
             Began as a Gargoyle Fighter on Aug 2, 2020.
             Was an Initiate of Okawaru.
             Slain by Crazy Yiuf
             ... wielding a +3 quarterstaff of chaos
              (12 damage)
             ... on level 3 of the Dungeon.
             The game lasted 00:11:30 (4015 turns).

Lovable the Shield-Bearer (Gargoyle Fighter)        Turns: 4015, Time: 00:11:31

Health: 0/38       AC: 11    Str: 25 (27) XL:     6   Next: 79%
Magic:  6/6        EV:  8    Int:  4 (5)  God:    Okawaru [......]
Gold:   85         SH:  9    Dex:  6 (9)  Spells: 5/5 levels left

rFire    . . .     SeeInvis .   a - +0 long sword
rCold    . . .     Faith    .   c - +0 kite shield
rNeg     + . .     Spirit   .   b - +0 scale mail
rPois    ∞         Reflect  .   (no helmet)
rElec    +         Harm     .   (no cloak)
rCorr    .                      (no gloves)
MR       .....                  (no boots)
Stlth    ..........             (no amulet)
HPRegen  0.12/turn              k - +6 ring of strength
MPRegen  0.10/turn              h - -4 ring of intelligence (curse)

@: mighty
A: negative energy resistance 1, electricity resistance, unbreathing,
petrification resistance, rot immunity, AC +4
a: Renounce Religion


You were on level 3 of the Dungeon.
You worshipped Okawaru.
Okawaru was noncommittal.
You visited 1 branch of the dungeon, and saw 3 of its levels.

You collected 85 gold pieces.

Inventory:

Hand Weapons
 a - a +0 long sword (weapon)
 f - a +0 falchion (quivered)
Armour
 b - a +0 scale mail (worn)
 c - a +0 kite shield (worn)
Jewellery
 e - an uncursed ring of protection from cold
 g - an uncursed ring of protection from cold
 h - a cursed -4 ring of intelligence (right hand)
 k - a +6 ring of strength (left hand)
Scrolls
 i - a scroll of identify {unknown}
Potions
 j - a potion of lignification {unknown}


   Skills:
 + Level 3.9 Fighting
 + Level 4.0 Long Blades
 + Level 4.7 Armour
 + Level 1.0 Dodging
 + Level 0.6 Stealth
 + Level 4.8 Shields
   Level 0.6 Evocations


You had 5 spell levels left.
You didn't know any spells.
Your spell library was empty.

Dungeon Overview and Level Annotations

Branches:
Dungeon (3/15)

Altars:
Okawaru

Annotations:
D:3 Crazy Yiuf


Innate Abilities, Weirdness & Mutations

You are resistant to torment.
Your stone body is resilient. (AC +4)
You are immune to poison.
You resist negative energy. (rN+)
You are resistant to electric shocks. (rElec)
You can survive without breathing.
You are immune to petrification.
You are immune to rotting.


Message History

You block Crazy Yiuf's attack.
You barely miss Crazy Yiuf.
Crazy Yiuf is lightly wounded.
Crazy Yiuf hits you but does no damage.
You barely miss Crazy Yiuf.
Crazy Yiuf is lightly wounded.
Crazy Yiuf hits you with a +3 quarterstaff of chaos.
You suddenly lose the ability to move!
Crazy Yiuf hits you but does no damage.
Crazy Yiuf hits you with a +3 quarterstaff of chaos!
Crazy Yiuf freezes you.
Crazy Yiuf hits you with a +3 quarterstaff of chaos. x2
Crazy Yiuf burns you. Crazy Yiuf hits you but does no damage.
Crazy Yiuf hits you with a +3 quarterstaff of chaos.
Space warps horribly around you!
You can move again.
You feel very mighty all of a sudden.
Crazy Yiuf hits you with a +3 quarterstaff of chaos!
You die...

#.#
##...##.#
#..(....#
#.####
#....####
#.###...#
#....#
#'..+#
#.##.....
######
♣P...♣
#.##....#
♣.PP♣♣
#.##....#
♣♣.♣♣
#........
♣.♣♣
####.(#.#
♣♣.♣
#..#.#
♣@♣♣
#..#..
♣♣g♣
#..### #'#
#####)....
...
#......###
#...#
#.####.#
#..)#
#.##...#
#####
#.##.#.#
#.##.#.#
#......###


You could see Crazy Yiuf.

Vanquished Creatures
  Grinder (D:3)
  An orc priest (D:3)
  An orc wizard (D:3)
  2 gnolls (D:2)
  2 adders
  3 oozes
  A worm (D:3)
  2 dart slugs
  4 leopard geckos
  7 orcs
  4 bats
  11 goblins
  7 hobgoblins
  4 jackals (D:2)
  5 frilled lizards
  6 kobolds
  4 rats
65 creatures vanquished.

Notes
Turn   | Place    | Note
-------+----------+-------------------------------------------
     0 | D:1      | Lovable the Gargoyle Fighter began the quest for the Orb.
     0 | D:1      | Reached XP level 1. HP: 14/14 MP: 1/1
   152 | D:1      | Reached XP level 2. HP: 19/19 MP: 2/2
   406 | D:1      | Reached XP level 3. HP: 20/23 MP: 3/3
  1831 | D:2      | Reached XP level 4. HP: 28/28 MP: 4/4
  2364 | D:2      | Found an iron altar of Okawaru.
  2610 | D:2      | Became a worshipper of Warmaster Okawaru
  2715 | D:3      | Reached XP level 5. HP: 32/32 MP: 5/5
  2721 | D:3      | Noticed Grinder
  2722 | D:3      | Paralysed by Grinder for 6 turns
  2730 | D:3      | Paralysed by Grinder for 5 turns
  3029 | D:3      | Paralysed by Grinder for 3 turns
  3044 | D:3      | Paralysed by Grinder for 5 turns
  3053 | D:3      | Killed Grinder
  3053 | D:3      | Reached skill level 1 in Dodging
  3053 | D:3      | Reached XP level 6. HP: 23/38 MP: 6/6
  3781 | D:3      | Found a runed translucent door.
  3782 | D:3      | Noticed Crazy Yiuf
  4007 | D:3      | Paralysed by Crazy Yiuf for 7 turns
  4015 | D:3      | Slain by Crazy Yiuf

Illustrated notes

Levels and vault maps discovered:
D:1:      dpeg_arrival_arbitrary_a, layout_basic
D:2:      wad_pebble_path, layout_basic, okawaru_altar_gauntlet_db
D:3:      layout_loops_cross, uniq_grinder, uniq_crazy_yiuf_cottage

Skill      XL: |  1  2  3  4  5  6 |
---------------+-------------------+-----
Long Blades    | 2 3 4 |  4.0
Armour         | 4 |  4.7
Shields        | 4 |  4.8
Dodging        | 1 |  1.0
Fighting       | |  3.9
Stealth        | |  0.6
Evocations     | |  0.6

Action                   |  1- 3 |  4- 6 || total
-------------------------+-------+-------++-------
Melee: Long sword        |    99 |   109 ||   208
Evoke: Wand              |       |    10 ||    10
  Use: Scroll            |     3 |     2 ||     5
       Potion            |     2 |     6 ||     8
Armor: Scale mail        |    43 |    70 ||   113
Dodge: Dodged            |    36 |    45 ||    81
Block: Kite shield       |    48 |    51 ||    99
       Rpst.: Long sword |    10 |     6 ||    16

Table legend: (Time is in decaauts)
 A = Elapsed time spent in this place.
 B = Non-inter-level travel time spent in this place.
 C = Inter-level travel time spent in this place.
 D = Time resting spent in this place.
 E = Time spent auto-exploring this place.
 F = Levels seen in this place.
 G = Mean time per level.
                   A        B        C        D        E       F      G
               +--------+--------+--------+--------+--------+-----+--------+
         Total |   4098 |   3876 |    222 |    678 |   2216 |   3 | 1366.0 |
       Dungeon |   4098 |   3876 |    222 |    678 |   2216 |   3 | 1366.0 |
               +--------+--------+--------+--------+--------+-----+--------+

Top non-repeatable levels by time:
     D:2: 1828 daAuts
     D:1: 1147 daAuts
     D:3: 1122 daAuts
